AoeStats
← 北极熊

Black Forest

510536356Analyzed
4v4 RM · 1d ago on Oct 1, 2026· 52m 9s· 8 players
Game mode
Random Map
Map size
Large (8 player)
Population
200
Speed
Normal
Resources
Standard
Victory
Conquest
Starting age
Dark Age
Ending age
Imperial Age
RankedLock teamsTeams togetherTeam positionsShared explorationLock speedFull tech treeHidden civsTurbo modeCheats
Victory
Defeat
🇨🇳 Franks · China
1244
+11
🇨🇳 Chinese · China
1236
+11
🇨🇳 Celts · China
974
+21
🇨🇳 Magyars · China
964
+21
🇦🇹 Saracens · Austria
1136
-17
🇧🇾 Dravidians · Belarus
1132
-17
🇪🇸 Ethiopians · Spain
1087
-15
🇳🇱 Bohemians · Netherlands
1083
-15
高老头子
6:10 Loom
13:05 Feudal Age
17:52 Castle Age
16:14 Double-Bit Axe
21:47 Horse Collar
23:42 Stone Mining
23:43 Gold Mining
25:58 Wheelbarrow
27:10 Heavy Plow
28:48 Bow Saw
32:13 Imperial Age
32:56 Gold Shaft Mining
32:56 Stone Shaft Mining
32:28 Caravan
34:04 Chemistry
32:27 Onager
33:50 Conscription
33:42 Fletching
33:53 Scale Mail Armor
34:03 Forging
35:09 Furor Celtica
35:12 Siege Engineers
37:57 Siege Onager
44:03 Elite Woad Raider
45:05 Chain Mail Armor
45:26 Iron Casting
46:33 Plate Mail Armor
45:58 Bodkin Arrow
46:22 Hand Cart
45:53 Town Watch
北极熊
13:37 Feudal Age
15:18 Wheelbarrow
19:16 Castle Age
25:41 Horse Collar
29:50 Double-Bit Axe
30:09 Heavy Plow
30:26 Hand Cart
31:01 Bow Saw
31:49 Fletching
32:15 Masonry
32:46 Gold Mining
32:47 Stone Mining
33:25 Bodkin Arrow
36:43 Imperial Age
34:01 Town Watch
34:02 Loom
35:08 Corvinian Army
36:01 Ballistics
35:23 Treadmill Crane
35:38 Murder Holes
36:01 Scale Barding Armor
37:33 Elite Skirmisher
40:17 Parthian Tactics
41:00 Thumb Ring
42:44 Recurve Bow
43:06 Conscription
44:21 Heavy Cavalry Archer
51:13 Chemistry
50:19 Siege Engineers
52:04 Bracer
一一
11:30 Feudal Age
12:28 Double-Bit Axe
15:10 Castle Age
16:46 Bow Saw
25:14 Wheelbarrow
26:41 Hand Cart
26:40 Gold Mining
26:40 Stone Mining
28:23 Gold Shaft Mining
31:32 Imperial Age
29:09 Town Watch
30:07 Scale Barding Armor
30:23 Loom
30:40 Town Patrol
31:19 Chain Barding Armor
31:22 Forging
32:42 Iron Casting
32:21 Husbandry
31:43 Cavalier
32:35 Chivalry
32:55 Conscription
33:11 Hoardings
33:17 Plate Barding Armor
34:27 Blast Furnace
33:04 Paladin
34:11 Caravan
47:46 Fortified Wall
48:38 Chemistry
47:59 Ballistics
47:34 Murder Holes
47:50 Masonry
50:51 Padded Archer Armor
50:44 Fletching
50:32 Elite Skirmisher
51:01 Treadmill Crane
小红的蛋蛋
0:26 Loom
16:56 Feudal Age
22:22 Castle Age
20:44 Double-Bit Axe
20:52 Stone Mining
23:20 Wheelbarrow
23:44 Bow Saw
28:09 Fletching
31:50 Hand Cart
32:12 Horse Collar
34:16 Gold Mining
38:13 Imperial Age
36:02 Bodkin Arrow
36:08 Padded Archer Armor
38:09 Leather Archer Armor
38:03 Thumb Ring
39:13 Bracer
39:45 Ring Archer Armor
39:37 Conscription
39:21 Caravan
41:57 Two-Man Saw
41:00 Heavy Plow
41:37 Gold Shaft Mining
41:42 Stone Shaft Mining
42:59 Chemistry
42:22 Ballistics
43:02 Chemistry
42:32 Elite Chu Ko Nu
47:11 Capped Ram
49:51 Forging
49:41 Scale Mail Armor
49:14 Siege Ram
49:23 Elite Fire Lancer
50:04 Squires
49:49 Arson
49:25 Pikeman
51:57 Great Wall
52:32 Rocketry
51:53 Halberdier
53:10 Iron Casting
52:50 Chain Mail Armor
Wospenzukh
0:26 Loom
11:27 Feudal Age
16:36 Castle Age
15:35 Double-Bit Axe
17:52 Horse Collar
21:18 Bow Saw
24:15 Gold Mining
27:27 Wheelbarrow
27:49 Town Watch
29:08 Heavy Plow
29:29 Fletching
29:40 Padded Archer Armor
32:45 Pikeman
37:12 Imperial Age
35:02 Squires
35:28 Thumb Ring
35:28 Bodkin Arrow
37:39 Medical Corps
37:28 Arson
38:37 Leather Archer Armor
38:42 Halberdier
39:52 Conscription
42:22 Hand Cart
42:33 Elite Elephant Archer
43:06 Man-at-Arms
43:32 Gambesons
43:58 Long Swordsman
48:17 Bracer
48:20 Scale Mail Armor
48:31 Forging
51:16 Ballistics
52:38 Two-Man Saw
Cloud
2:32 Loom
12:23 Feudal Age
13:33 Double-Bit Axe
14:22 Horse Collar
18:28 Castle Age
20:54 Heavy Plow
23:17 Bow Saw
24:13 Gold Mining
27:21 Gold Shaft Mining
27:31 Wheelbarrow
28:36 Hand Cart
32:14 Imperial Age
34:06 Chemistry
33:28 Ballistics
34:06 Scale Barding Armor
34:34 Forging
34:36 Torsion Engines
34:23 Light Cavalry
35:04 Husbandry
35:32 Chain Barding Armor
36:29 Two-Man Saw
39:38 Hussar
41:13 Iron Casting
41:44 Halberdier
42:25 Squires
43:31 Blast Furnace
45:53 Scale Mail Armor
Roxxy uG
0:26 Loom
17:38 Feudal Age
19:52 Double-Bit Axe
22:49 Castle Age
20:58 Horse Collar
24:03 Wheelbarrow
23:46 Bow Saw
23:37 Heavy Plow
31:11 Stone Mining
31:28 Gold Mining
37:57 Imperial Age
35:43 Husbandry
36:31 Hand Cart
36:37 Bloodlines
37:03 Ballistics
36:39 Murder Holes
37:54 Forging
37:36 Fletching
37:46 Padded Archer Armor
37:48 Scale Mail Armor
37:53 Scale Barding Armor
37:51 Pikeman
38:31 Squires
39:34 Iron Casting
38:52 Arson
39:01 Onager
40:08 Chain Mail Armor
48:02 Conscription
BlandToaster625
10:39 Feudal Age
9:54 Loom
14:15 Castle Age
13:26 Double-Bit Axe
15:28 Bow Saw
16:36 Horse Collar
21:45 Heavy Plow
25:20 Loom
26:10 Wheelbarrow
25:20 Town Watch
29:43 Imperial Age
27:14 Town Patrol
28:25 Town Patrol
29:32 Chemistry
28:52 Caravan
29:15 Hand Cart
32:56 Two-Man Saw
31:20 Houfnice
32:33 Coinage
32:13 Guilds
32:27 Bombard Tower
32:28 Ballistics
31:58 Guard Tower
34:22 Banking
34:00 Guard Tower
33:56 Arrowslits
34:21 Fortified Wall
34:00 Arrowslits
34:11 Murder Holes
37:22 Keep
36:53 Siege Engineers
36:45 Fletching
37:25 Bodkin Arrow
40:06 Bracer
42:14 Forging
42:04 Scale Mail Armor
43:40 Iron Casting
42:27 Man-at-Arms
43:53 Chain Mail Armor
43:28 Long Swordsman
44:26 Squires
44:11 Arson
45:07 Two-Handed Swordsman
46:33 Masonry
47:24 Blast Furnace
46:54 Plate Mail Armor
47:21 Champion
49:42 Padded Archer Armor
50:14 Architecture
49:54 Fortified Wall
50:07 Pikeman
Connection lost

Rejoining the realm…

Still unreachable

The connection could not be restored.

Session expired

The server has moved on; the page needs a fresh start.